 Dungeon Crawl Stone Soup version 0.22.1-1-ga44c0e56f4 (webtiles) character file.

1327 Kniotic the Martial Artist (level 8, -4/52 HPs)
             Began as an Octopode Monk on Nov 3, 2018.
             Was a Believer of Dithmenos.
             Slain by a soul eater (12 damage)
             ... summoned by Grinder the shadow demon
             ... on level 6 of the Dungeon.
             The game lasted 00:20:41 (6218 turns).

Kniotic the Martial Artist (Octopode Monk)          Turns: 6218, Time: 00:20:41

Health: -4/52      AC:  1    Str: 11    XL:     8   Next: 60%
Magic:  8/8        EV: 17    Int: 16    God:    Dithmenos [**....]
Gold:   111        SH:  0    Dex: 14    Spells: 7/7 levels left

rFire    . . .     SeeInvis .     - Unarmed
rCold    . . .     Gourm    .   (no shield)
rNeg     . . .     Faith    .   (helmet restricted)
rPois    .         Spirit   .   (no amulet)
rElec    .         Reflect  .   t - +2 ring of intelligence
rCorr    .         Harm     .   (no ring)
MR       .....                  (no ring)
Stlth    ++++......             (no ring)
HPRegen  0.17/turn              (no ring)
MPRegen  0.11/turn              (no ring)
                                (no ring)
                                (no ring)

@: wreathed by umbra
A: almost no armour, stealthy swim, amphibious, 8 rings, constrict 8, camouflage
1, gelatinous body 1
a: Shadow Step, Renounce Religion


You were on level 6 of the Dungeon.
You worshipped Dithmenos.
Dithmenos was pleased with you.
You were not hungry.

You visited 2 branches of the dungeon, and saw 7 of its levels.

You collected 163 gold pieces.
You spent 52 gold pieces at shops.

Inventory:

Hand Weapons
 n - a +0 blowgun
 u - the +8 rapier "Kiqudes" {pierce, rPois rF+ rC++ Dex+2}
   (You found it on level 5 of the Dungeon)

   It inflicts extra damage upon your enemies.
   It affects your dexterity (+2).
   It protects you from fire.
   It greatly protects you from cold.
   It protects you from poison.
Missiles
 p - 32 poisoned needles
Armour
 h - a +2 buckler
Jewellery
 t - a +2 ring of intelligence (left tentacle)
Wands
 s - a wand of polymorph (21)
Scrolls
 b - 5 scrolls of teleportation
 e - a scroll of enchant armour {unknown}
 g - 4 scrolls of remove curse
 i - 2 scrolls of random uselessness
 j - 2 scrolls of amnesia {unknown}
 r - a scroll of fog {unknown}
Potions
 c - 4 potions of degeneration
 d - 2 potions of cancellation
 f - a potion of lignification
 k - 2 potions of brilliance
 m - a potion of ambrosia
 o - 2 potions of mutation
 q - a potion of heal wounds {unknown}
 w - a potion of haste {unknown}
Comestibles
 a - 10 rations


   Skills:
 - Level 3.0 Fighting
 + Level 6.6 Dodging
 - Level 2.6 Stealth
 * Level 8.9 Unarmed Combat


You had 7 spell levels left.
You didn't know any spells.
Your spell library contained the following spells:

 Spells                   Type           Power        Failure   Level  Hunger
 Summon Small Mammal      Summ           #...         26%         1    ##.....
 Call Imp                 Summ           #.......     36%         2    ###....
 Call Canine Familiar     Summ           #.......     58%         3    ####...
 Summon Guardian Golem    Hex/Summ       #.......     58%         3    ####...
 Summon Ice Beast         Ice/Summ       #.......     94%         4    #####..
 Summon Lightning Spire   Summ/Air       #.......     94%         4    #####..


Dungeon Overview and Level Annotations

Branches:
Dungeon (6/15)             Temple (1/1) D:5

Altars:
Ashenzari
Dithmenos
Gozag
Hepliaklqana
Kikubaaqudgha
Makhleb
Nemelex Xobeh
Okawaru
Qazlal
Sif Muna
Trog
Vehumet
Xom
The Shining One

Shops:
D:5 :   D:6 ?

Annotations:
D:2 Sigmund
D:4 exclusion: ogre
D:5 2 transporters, 1 runed door, Jannitor's ghost, novice OpMo
D:6 Edmund; Grinder


Innate Abilities, Weirdness & Mutations

You cannot wear most types of armour.
You are very stealthy in the water. (Stealth+)
You are amphibious.
You can wear up to eight rings at the same time.
You can use your tentacles to constrict eight enemies at once.
Your skin changes colour to match your surroundings (Stealth+).
Your rubbery body absorbs attacks. (AC +1, EV +1)


Message History

The giant cockroach bites you but does no damage.
You feel better. Grinder hits you but does no damage.
The giant cockroach bites you but does no damage.
The soul eater hits you but does no damage.
You hit the soul eater.
The soul eater is severely wounded.
Grinder hits you.
* * * LOW HITPOINT WARNING * * *
The giant cockroach bites you but does no damage.
You barely miss the soul eater.
The soul eater is severely wounded.
The soul eater hits you but does no damage.
Grinder says, "Wait up."
Grinder hits you but does no damage.
The giant cockroach bites you but does no damage.
You closely miss the soul eater.
The soul eater is severely wounded.
You feel less wooden. The soul eater hits you!
You die...

#.#.###..# .##.# ######
#.#.#.#..#...#... ... #.#<..#..#
..#..####... ...
#.#.#.#..##..#......... ...
#.#2................... ..#
#.#.#..(..##.#..$..... ..#
#.........##.#...... ..#
#.######..##.#...# ..#
###.........##.2@..#########..#
...............3s.............#
......#####........##########.#
......'...'........##########'##
......#####....................#
......# #..(......_..........#
......#####....................#
......'........................#
......#########................#


You could see a soul eater, Grinder the shadow demon and a giant cockroach.

Vanquished Creatures
  Menkaure (D:6)
  An orc warrior (D:6)
  An ice beast (D:6)
  An ogre (D:6)
  2 bullfrogs (D:6)
  A scorpion (D:6)
  5 wights (D:6)
  2 howler monkeys (D:4)
  An orc priest (D:5)
  2 orc wizards (D:6)
  A centaur skeleton (D:6)
  An iguana (D:4)
  Ijyb (D:5)
  Jessica (D:2)
  Natasha (thrice) (D:2)
  A worker ant zombie (D:5)
  A gnoll (D:2)
  7 adders
  2 oozes
  An adder skeleton (D:5)
  5 worms
  2 dart slugs
  4 leopard geckos
  2 orcs (D:3)
  6 ball pythons
  5 bats
  10 giant cockroaches
  6 goblins
  8 hobgoblins
  9 kobolds
  10 quokkas
  A ball python skeleton (D:4)
  6 frilled lizards
  A jackal skeleton (D:5)
  A jackal zombie (D:6)
  A quokka skeleton (D:4)
  10 rats
123 creatures vanquished.

Notes
Turn   | Place    | Note
-------+----------+-------------------------------------------
     0 | D:1      | Kniotic the Octopode Monk began the quest for the Orb.
     0 | D:1      | Reached XP level 1. HP: 16/16 MP: 1/1
    70 | D:1      | Reached XP level 2. HP: 21/21 MP: 2/2
   599 | D:1      | Reached XP level 3. HP: 26/26 MP: 3/3
   767 | D:2      | Noticed Jessica
   797 | D:2      | Noticed Sigmund
   910 | D:2      | Reached skill level 4 in Unarmed Combat
   920 | D:2      | Noticed Natasha
  1099 | D:2      | Killed Jessica
  1099 | D:2      | Reached XP level 4. HP: 26/31 MP: 4/4
  1211 | D:2      | Killed Natasha
  1474 | D:2      | Noticed Natasha
  1480 | D:2      | Killed Natasha
  1480 | D:2      | Reached skill level 5 in Unarmed Combat
  1480 | D:2      | Reached XP level 5. HP: 28/36 MP: 5/5
  1665 | D:2      | Noticed Natasha
  1675 | D:2      | Killed Natasha
  2368 | D:3      | Found a sparkling altar of Nemelex Xobeh.
  2443 | D:3      | Reached XP level 6. HP: 33/42 MP: 6/6
  3232 | D:4      | Reached skill level 6 in Unarmed Combat
  3638 | D:5      | Entered Level 5 of the Dungeon
  3638 | D:5      | Found a staircase to the Ecumenical Temple.
  3682 | Temple   | Entered the Ecumenical Temple
  3835 | Temple   | Became a worshipper of Dithmenos the Shadowed
  3835 | Temple   | Reached * piety under Dithmenos
  3835 | Temple   | Reached ** piety under Dithmenos
  3895 | D:5      | Found Sout's Book Shop.
  4057 | D:5      | Noticed Ijyb
  4087 | D:5      | Got a bone rapier
  4108 | D:5      | Identified the +8 rapier "Kiqudes" {pierce, rPois rF+ rC++
                  | Dex+2} (You found it on level 5 of the Dungeon)
  4166 | D:5      | Killed Ijyb
  4166 | D:5      | Reached skill level 5 in Dodging
  4166 | D:5      | Reached XP level 7. HP: 42/46 MP: 7/7
  4267 | D:5      | Found a transporter.
  4280 | D:5      | Found a transporter.
  4290 | D:5      | Noticed Jannitor's ghost (novice OpMo)
  4327 | D:5      | Found a runed door.
  4581 | D:6      | Found a shattered altar of Ashenzari.
  4712 | D:6      | Reached skill level 7 in Unarmed Combat
  4952 | D:6      | Noticed Edmund
  5082 | D:6      | Found Puivaces's Magic Scroll Shoppe.
  5090 | D:6      | Bought a scroll of identify for 26 gold pieces
  5090 | D:6      | Bought a scroll of identify for 26 gold pieces
  5319 | D:6      | Found a bloodstained altar of Trog.
  5333 | D:6      | Reached XP level 8. HP: 32/52 MP: 8/8
  5478 | D:6      | Noticed Menkaure
  5486 | D:5      | Reached skill level 8 in Unarmed Combat
  5655 | D:6      | Noticed Grinder
  5819 | D:6      | Noticed Grinder
  5819 | D:6      | Grinder changed into Grinder the shadow demon
  6203 | D:6      | Killed Menkaure
  6205 | D:6      | Noticed a soul eater
  6218 | D:6      | Slain by a soul eater

Skill      XL: |  1  2  3  4  5  6  7  8 |
---------------+-------------------------+-----
Unarmed Combat | 4 5 6 7 8 |  8.9
Dodging        | 4 5 6 |  6.6
Fighting       | |  3.0
Stealth        | |  2.6

Action                   |  1- 3 |  4- 6 |  7- 9 || total
-------------------------+-------+-------+-------++-------
Melee: Unarmed           |    68 |   171 |    82 ||   321
       Constrict         |    16 |    44 |    13 ||    73
       Tentacles         |     9 |    35 |    24 ||    68
       Punch             |     3 |     6 |     7 ||    16
       Rapier            |       |       |    10 ||    10
Evoke: Wand              |       |       |     2 ||     2
  Use: Scroll            |       |     6 |     4 ||    10
       Potion            |       |       |     2 ||     2
 Stab: Sleeping          |     6 |    14 |     1 ||    21
       Distracted        |     1 |       |       ||     1
       Confused          |       |     3 |       ||     3
  Eat: Chunk             |       |    10 |     3 ||    13
       Ration            |       |       |     1 ||     1
Armor: Skin              |     2 |     3 |    17 ||    22
Dodge: Dodged            |    31 |   100 |    54 ||   185
